 Dungeon Crawl Stone Soup version 0.17-a0-1667-g4ca74a1 (webtiles) character file.

7 esc the Magician (level 1, 0/10 HPs)
             Began as a Deep Elf Fire Elementalist on Aug 17, 2015.
             Slain by a goblin
             ... wielding a +0 dagger
              (4 damage)
             ... on level 1 of the Dungeon.
             The game lasted 00:01:46 (340 turns).

esc the Magician (Deep Elf Fire Elementalist)        Turns: 340, Time: 00:01:47

Health: 0/10       AC:  2    Str:  5    XL:     1   Next: 83%
Magic:  0/7        EV: 16    Int: 19    God:
Gold:   47         SH:  0    Dex: 15    Spells: 1 memorised, 6 levels left

rFire  . . .     SeeInvis .     (no weapon)
rCold  . . .     Clarity  .     a - +0 robe
rNeg   . . .     SustAt   .     (no shield)
rPois  .         Gourm    .     (no helmet)
rElec  .         Spirit   .     (no cloak)
rCorr  .         Warding  .     (no gloves)
rMut   .         Stasis   .     (no boots)
MR     .....                    (no amulet)
Stlth  ++........               (no ring)
                                h - +3 ring of evasion

@: very slightly contaminated, not resistant to hostile enchantments, unstealthy
A: no striking features
a: no special abilities


You were on level 1 of the Dungeon.
You were not hungry.

You visited 1 branch of the dungeon, and saw 1 of its levels.

You collected 47 gold pieces.

Inventory:

Armour
 a - a +0 robe (worn)
Jewellery
 h - a +3 ring of evasion (left hand)
   (You found it on level 1 of the Dungeon)
Scrolls
 d - a scroll of identify
 i - a scroll of remove curse
Potions
 e - a potion of heal wounds {unknown}
Books
 b - a book of Flames
Comestibles
 c - a bread ration {@e1}
 f - a beef jerky
 g - 2 meat rations {@e2}
 j - a chunk of flesh {@w0}


   Skills:
 - Level 2.4 Dodging
 - Level 2.4 Stealth
 + Level 3.5 Spellcasting
 + Level 1.4 Conjurations
 + Level 3.3 Fire Magic


You had 6 spell levels left.
You knew the following spells:

 Your Spells              Type           Power        Failure   Level  Hunger
a - Flame Tongue          Conj/Fire      ##...        8%          1    None


Dungeon Overview and Level Annotations

Branches:
Dungeon (1/15)

Altars:


Message History

You now have 4/6 mp.
d - a scroll labeled HAFIAF NUFRIYBB Read which item? (? for menu, Esc to quit)
As you read the scroll labeled HAFIAF NUFRIYBB, it crumbles to dust.
You assume a fearsome visage.
Nothing appears to happen.
It was a scroll of fear.
d - a scroll labeled TAIWOF ZUWNOY Read which item? (? for menu, Esc to quit)
As you read the scroll labeled TAIWOF ZUWNOY, it crumbles to dust.
The air around you briefly surges with heat, but it dissipates.
It was a scroll of immolation.
g - 2 meat rations {@e2} (gained 1)
d - a scroll of identify MP restored: 6 A bat comes into view.
You can't see any susceptible monsters within range! (Use Z to cast anyway.)
You can't see any susceptible monsters within range! (Use Z to cast anyway.)
You can't see any susceptible monsters within range! (Use Z to cast anyway.)
Aim: a bat (resting)
The flame tongue hits the bat.
You kill the bat!
You now have 5/6 mp.
e - an emerald potion A goblin comes into view.
It is wielding a dagger.
The goblin shouts!
MP restored: 6 You can't see any susceptible monsters within range! (Use Z to cast anyway.)
Aim: a goblin, wielding a dagger You miscast Flame Tongue.
You are very lightly contaminated with residual magic.
Nothing appears to happen.
You now have 5/6 mp.
Aim: a goblin, wielding a dagger The flame tongue hits the goblin.
The goblin misses you.
You now have 4/6 mp.
Aim: a goblin, wielding a dagger (moderately wounded)
The flame tongue hits the goblin.
You kill the goblin!
You now have 3/6 mp.
Things that are here:
a dagger; a goblin corpse You butcher the goblin corpse.
j - a chunk of flesh {@w0}
Things that are here:
a dagger; a goblin skeleton You now have 36 gold pieces (gained 4).
You start resting.
Your magical contamination has completely faded away.
You open the door.
Found a stone staircase leading down.
There is an open door here.
You see here 11 sling bullets of frost.
You now have 47 gold pieces (gained 11).
There is an open door here.
You open the door.
There is an open door here.
You open the door.
A goblin comes into view.
MP restored: 6 A bat comes into view.
There is an open door here.
Aim: a goblin (resting)
The flame tongue hits the goblin.
You kill the goblin!
You now have 5/6 mp.
Aim: a bat (resting)
The flame tongue hits the bat.
The bat closely misses you.
You now have 4/6 mp.
Aim: a bat (heavily wounded)
The flame tongue hits the bat.
You kill the bat!
You now have 3/7 mp.
A goblin comes into view. It is wielding a dagger.
A goblin is nearby!
A goblin comes into view. It is wielding a club.
Aim: a goblin, wielding a club You miscast Flame Tongue.
You are very lightly contaminated with residual magic.
You feel a strange surge of energy!
You now have 2/7 mp.
Aim: a goblin, wielding a club The flame tongue hits the goblin.
Aim: a goblin, wielding a club (moderately wounded)
The flame tongue hits the goblin.
The goblin barely misses you.
You now have 1/7 mp.
Aim: a goblin, wielding a club (severely wounded)
The flame tongue misses the goblin.
The goblin misses you.
You now have 0/7 mp.
You closely miss the goblin.
The goblin shouts!
The goblin misses you.
You miss the goblin. The goblin misses you.
Number of times to repeat, then command key: You must enter the number of times for the command to repeat.
Unknown command.
You barely miss the goblin. You hit the goblin but do no damage.
The goblin hits you with a club.
Ouch! That really hurt!
The goblin hits you with a dagger.
You die...

############# #####
......##....###...#******
......'.....'.'...+,>,,,*
......##....###...##**,,*********
.(....##....# #....# *,,*,,,,,,,*
########....# #....# **,*,,,,,,,*
#....# #....###*,,,,,,,,,*
#....#*#..#...##.,,,,,,,,*
#.......#@........,,,,,,,*
##......#gg.......,,,,,,,*
*......#..%.....#,,,,,,,*
*##.#...........#,,,,,,,*
#.*,,........##,,,,,,,*
*,,,.........#**,,*****
****########## **,* ######### *,*
#####.......### *,**


You could see 2 goblins.

Vanquished Creatures
  3 goblins (D:1)
  3 bats (D:1)
6 creatures vanquished.

Notes
Turn   | Place    | Note
--------------------------------------------------------------
     0 | D:1      | esc the Deep Elf Fire Elementalist began the quest for the Orb.
     0 | D:1      | Reached XP level 1. HP: 10/10 MP: 6/6
   340 | D:1      | Slain by a goblin

Vault maps used:
D:1:      dpeg_arrival_snail

Action                   || total
-------------------------++-------
Melee: Unarmed           ||     8
 Cast: Flame Tongue      ||    12
  Use: Scroll            ||     4
 Stab: Sleeping          ||     1

Vault maps used:
D:1:      dpeg_arrival_snail

Table legend:
 A = Turns spent in this place as a percentage of turns spent in the entire game.
 B = Non-inter-level travel turns spent in this place as a percentage of non-inter-level travel turns spent in the entire game.
 C = Inter-level travel turns spent in this place as a percentage of turns spent in this place.
 D = Turns resting spent in this place as a percentage of non-inter-level travel turns spent in this place.
 E = Turns spent auto-exploring this place as a percentage of non-inter-level travel turns spent in this place.
 F = Non-inter-level travel turns spent in this place divided by the number of levels of this place that you've seen.
                   A       B       C       D       E      F
               +-------+-------+-------+-------+-------+----------------------
         Total | 100.0 | 100.0 |   0.0 |   5.1 |  17.7 |  79.0
       Dungeon | 100.0 | 100.0 |   0.0 |   5.1 |  17.7 |  79.0
               +-------+-------+-------+-------+-------+----------------------

Table legend:
 A = Kills in this place as a percentage of kills in entire the game.
 B = Kills by you in this place as a percentage of kills by you in the entire game.
 C = Kills by friends in this place as a percentage of kills by friends in the entire game.
 D = Other kills in this place as a percentage of other kills in the entire game.
 E = Experience gained in this place as a percentage of experience gained in the entire game.
 F = Experience gained in this place divided by the number of levels of this place that you have seen.
                   A       B       C       D       E      F
               +-------+-------+-------+-------+-------+----------------------
         Total | 100.0 | 100.0 |  -nan |  -nan | 100.0 |  10.0
       Dungeon | 100.0 | 100.0 |  -nan |  -nan | 100.0 |  10.0
               +-------+-------+-------+-------+-------+----------------------
